Map: Orbital Shipyard

Players

Kitesurfer - Winner!

  • Race: Terran Terran
  • League: Platinum

capac

  • Race: Terran Terran
  • League: Gold

VOD

Have the link to the VOD?

Description

Time

  • Played on: March 20, 2016, 1:04 p.m.
  • Length: 14:29
Show
View Real Time Build Order
Export as new Build Order

Kitesurfer Terran - Winner!

Build Orders: Bio Tank 

Get SALT Encoding   

  12  0:01  SCV  
  13  0:13  SCV  
  14  0:22  Supply Depot  
  14  0:25  SCV  
  15  0:43  SCV  
  15  0:46  Barracks  
  15  0:49  Refinery  
  16  0:55  SCV  
  17  1:08  SCV  
  18  1:20  SCV  
  19  1:27  Command Center  
  19  1:34  Barracks Reactor  
  19  1:40  Refinery  
  19  1:41  SCV  
  20  1:51  Supply Depot  
  20  1:53  SCV  
  21  2:08  Barracks  
  21  2:10  SCV  
  21  2:11  Marine  
  21  2:13  Marine  
  24  2:22  SCV  
  25  2:32  Marine x2  
  27  2:40  Orbital Command  
  27  2:51  Factory, SCV  
  28  2:58  Marine  
  28  3:02  Barracks Tech Lab, Marine  
  30  3:10  SCV x2  
  32  3:22  SCV x2, Stimpack  
  32  3:23  Marine  
  35  3:34  Engineering Bay, SCV  
  35  3:35  Factory Tech Lab  
  35  3:40  Supply Depot  
  36  3:41  Marine  
  36  3:46  Marine x2  
  39  3:54  Orbital Command  
  39  4:05  Marauder, Missile Turret  
  39  4:07  SCV  
  42  4:20  SCV  
  42  4:23  Siege Tank  
  46  4:24  Marine  
  46  4:25  Marine  
  46  4:26  Marauder  
  50  4:32  SCV  
  49  4:47  Marauder  
  51  4:54  Missile Turret  
  51  4:55  Siege Tank  
  51  4:57  Missile Turret  
  51  4:59  Starport  
  54  5:22  Combat Shields  
  54  5:27  Missile Turret  
  54  5:29  Missile Turret  
  54  5:30  Missile Turret  
  54  5:48  Supply Depot  
  54  5:50  Supply Depot  
  54  5:54  Liberator  
  54  5:59  Command Center  
  54  6:05  Missile Turret  
  54  6:09  Marine x3, Siege Tank, SCV x2  
  54  6:10  Missile Turret  
  62  6:15  Missile Turret  
  59  6:27  Marine  
  59  6:29  Marine  
  59  6:30  Starport, Marine  
  62  6:34  SCV x2  
  64  6:41  Refinery x2  
  64  6:45  Marine  
  64  6:46  SCV  
  66  6:47  Marine x2  
  68  6:54  Medivac  
  68  6:55  Command Center  
  70  7:11  Marine x3  
  73  7:29  Marine x3  
  72  7:46  Marine  
  50  7:56  Medivac x2  
  50  7:57  Marine x2  
  54  7:59  Siege Tank  
  54  8:04  Marine  
  58  8:14  Planetary Fortress  
  58  8:15  Marine x2  
  58  8:19  Refinery  
  60  8:20  SCV  
  60  8:21  SCV  
  60  8:22  Marine  
  60  8:24  SCV  
  60  8:25  Medivac  
  66  8:31  Siege Tank  
  66  8:33  SCV x2  
  71  8:39  Planetary Fortress  
  71  8:40  Marauder  
  73  8:46  Refinery  
  73  8:52  SCV  
  73  8:53  Marine, SCV  
  76  8:56  Factory  
  76  8:57  Factory  
  76  9:02  Terran Infantry Weapons Level 1, Marauder  
  78  9:03  Siege Tank, Armory  
  78  9:07  Supply Depot  
  81  9:11  Engineering Bay  
  81  9:16  SCV x4  
  85  9:28  SCV  
  67  9:39  Marine x2  
  67  9:40  Marine  
  70  9:48  SCV x2  
  70  9:49  SCV x2  
  74  9:53  Factory Tech Lab, Missile Turret x2  
  74  9:54  Missile Turret  
  74  9:57  Marine x3  
  77  10:03  Barracks  
  77  10:05  Barracks  
  77  10:07  Barracks  
  77  10:11  Factory Tech Lab  
  77  10:13  Supply Depot  
  77  10:14  Barracks  
  77  10:15  Terran Infantry Armor Level 1, Marine x2  
  77  10:16  Marine  
  77  10:17  Supply Depot  
  80  10:33  Marine x2  
  80  10:34  Marine  
  83  10:43  Siege Tank  
  83  10:44  Siege Tank  
  89  10:50  Marine  
  89  10:51  Marine x2  
  89  10:55  Marine x2  
  89  10:56  Marine  
  95  11:04  SCV x2  
  96  11:08  Marine  
  96  11:09  Marine x2, SCV  
  101  11:12  SCV  
  101  11:13  Marine x3  
  105  11:21  Missile Turret, SCV  
  105  11:22  Missile Turret  
  106  11:26  Marine x2  
  106  11:28  Marauder  
  106  11:31  Marine  
  106  11:32  Marine x2  
  112  11:33  SCV  
  113  11:44  Marine x2  
  115  11:49  Marauder, Marine x2  
  115  11:50  Marine  
  120  11:55  Refinery  
  120  12:00  Siege Tank  
  123  12:02  Marine  
  124  12:14  Marine  
  124  12:27  Supply Depot  
  124  12:30  Marine x2, Siege Tank x2  
  132  12:43  Supply Depot x2, Missile Turret  
  132  12:47  Liberator  
  132  12:49  Marauder, Marine x4, SCV x2  
  132  12:50  Marine  
  138  13:04  Siege Tank  
  142  13:06  Marine x2  
  142  13:08  Marine  
  142  13:10  Marauder  
  142  13:12  Marine x2  
  149  13:24  Marine  
  147  13:31  Marine  
  147  13:32  Marauder, Marine x3  
  146  13:39  Viking  
  148  13:42  Marine  
  148  13:47  Viking  
  151  13:49  Marine x2  
  151  13:50  Marine x2, Missile Turret  
  151  13:51  Missile Turret  
  151  13:53  Missile Turret  
  155  14:00  Missile Turret  
  155  14:01  Marauder  
  152  14:22  Missile Turret  
  152  14:23  Command Center  
Show
View Real Time Build Order
Export as new Build Order

capac Terran 

Build Orders: MMM Bio 

Get SALT Encoding   

  12  0:01  SCV  
  13  0:13  SCV  
  14  0:18  Supply Depot  
  14  0:25  SCV  
  15  0:39  SCV  
  15  0:41  Barracks  
  16  0:44  Refinery  
  16  0:54  SCV  
  17  1:06  SCV  
  18  1:18  SCV  
  19  1:30  SCV  
  20  1:34  Reaper  
  20  1:38  Command Center  
  21  1:44  Orbital Command  
  21  1:56  Supply Depot  
  21  2:07  Barracks Reactor  
  21  2:13  Refinery  
  21  2:14  SCV  
  22  2:24  Factory  
  22  2:26  SCV  
  23  2:38  SCV  
  23  2:42  Marine  
  23  2:43  Marine  
  26  2:50  Orbital Command, SCV  
  27  2:59  Barracks  
  27  3:03  SCV  
  28  3:07  Marine x2  
  28  3:11  Starport  
  30  3:13  Factory Reactor  
  30  3:15  SCV  
  30  3:17  SCV  
  33  3:27  SCV  
  33  3:28  Marine  
  33  3:29  Marine, SCV  
  36  3:38  Supply Depot  
  36  3:39  SCV  
  37  3:46  Marine x2  
  39  3:55  SCV  
  39  3:56  SCV  
  39  4:02  Supply Depot  
  41  4:04  Marine x2  
  41  4:05  Medivac x2  
  41  4:07  Factory Tech Lab  
  41  4:08  SCV x2  
  49  4:12  Barracks Tech Lab  
  49  4:15  Refinery  
  49  4:20  SCV x2  
  49  4:21  Barracks  
  51  4:26  Engineering Bay  
  51  4:28  Siege Tank  
  54  4:38  Stimpack  
  54  4:49  Marine x2  
  54  4:50  Marine  
  57  4:58  Barracks  
  57  4:59  Barracks  
  57  5:15  Marine x3  
  57  5:16  SCV x2  
  57  5:18  Supply Depot  
  62  5:22  Terran Infantry Weapons Level 1  
  62  5:34  Supply Depot  
  62  5:35  Marine x2, Siege Tank  
  65  5:36  Marine  
  65  5:40  SCV x2  
  70  5:43  Supply Depot  
  70  5:44  Missile Turret  
  70  5:49  Barracks Reactor x2  
  70  5:53  SCV x2  
  72  5:57  Refinery  
  72  6:01  Supply Depot  
  72  6:02  Marine x3  
  75  6:05  SCV x2  
  62  6:22  Marine x3  
  65  6:26  Supply Depot  
  65  6:34  Command Center  
  65  6:46  Marine x2  
  67  6:47  Marine x2  
  67  6:50  Medivac x2  
  67  6:51  Siege Tank  
  67  6:54  Supply Depot  
  76  6:55  SCV  
  76  6:56  SCV  
  78  7:03  Missile Turret  
  78  7:06  Marine x2  
  78  7:07  Marine x2  
  81  7:29  Missile Turret  
  72  7:53  Marine x2  
  72  7:54  Marine x3  
  72  7:56  Siege Tank  
  80  8:02  Supply Depot  
  80  8:03  Terran Infantry Armor Level 1  
  80  8:22  Marine, Missile Turret  
  80  8:23  Marine x3  
  80  8:24  Marine  
  80  8:26  Combat Shields  
  85  8:27  Medivac  
  85  8:28  Medivac  
  89  8:49  Starport  
  89  8:50  Supply Depot  
  89  8:51  Starport, Armory  
  89  8:52  SCV x2  
  89  8:54  Supply Depot  
  91  8:56  Command Center  
  91  9:04  SCV x2  
  93  9:12  Orbital Command  
  93  9:16  SCV  
  86  9:42  Marine x5  
  86  9:44  Starport Reactor x2  
  91  9:46  Viking x2  
  91  9:48  Siege Tank  
  91  9:52  SCV x2  
  100  9:55  Factory, SCV  
  100  9:57  Refinery  
  100  9:58  Refinery  
  100  9:59  Terran Infantry Weapons Level 2  
  101  10:01  Terran Ship Weapons Level 1  
  101  10:03  Armory  
  101  10:04  SCV x2  
  101  10:05  Supply Depot  
  101  10:06  Supply Depot  
  103  10:07  SCV  
  104  10:16  SCV  
  104  10:17  SCV  
  104  10:19  SCV  
  104  10:20  Siege Tank  
  110  10:34  Viking  
  110  10:35  Viking x4  
  118  10:36  Viking  
  118  10:39  Supply Depot  
  118  10:41  SCV x2  
  124  10:51  Supply Depot, SCV  
  124  10:52  Siege Tank  
  124  10:53  SCV x2  
  130  11:17  SCV x2  
  132  11:25  Factory Tech Lab  
  132  11:29  SCV  
  132  11:31  Liberator x4  
  132  11:32  Liberator x2  
  133  11:39  Siege Tank  
  136  11:50  Missile Turret  
  154  12:00  Supply Depot  
  154  12:01  Terran Ship Weapons Level 2  
  154  12:02  Terran Vehicle And Ship Armor Level 1  
  154  12:17  Command Center  
  154  12:22  Starport  
  154  12:23  Liberator x2  
  154  12:24  Liberator  
  154  12:27  Supply Depot  
  163  12:50  SCV x3  
  166  12:52  Supply Depot  
Tags
 
Add a new tag
Caveats
  • Supply blocks, unpowered buildings, or Contaminate may cause inaccurate times.
  • Supply counts are checked every 10 seconds.